 Dungeon Crawl Stone Soup version 0.32-a0-571-gec57dfcd37 (webtiles) character file.

Game seed: 3986523645413554452

19685 demibob the Severer (level 12, 0/141 HPs)
             Began as a Mountain Dwarf Fighter on Mar 1, 2024.
             Was a High Priest of the Shining One.
             Succumbed to a killer bee's poison
             ... on level 11 of the Dungeon.
             The game lasted 00:17:11 (9335 turns).

demibob the Severer (Mountain Dwarf Fighter)        Turns: 9335, Time: 00:17:12

Health: 0/141      AC:  8    Str: 21    XL:     12   Next: 38%
Magic:  24/24      EV:  9    Int: 10    God:    the Shining One [*****.]
Gold:   556        SH:  0    Dex: 17    Spells: 11/11 levels left

rFire   . . .        m - +4 battleaxe (freeze)
rCold   . . .        (shield currently unavailable)
rNeg    + + .        b - +1 scale mail
rPois   .            (no helmet)
rElec   .            q - +0 cloak
rCorr   .            g - +0 pair of gloves
SInv    .            (no boots)
Will    +....        p - amulet of regeneration Stlth
                     D - +6 ring of dexterity
HPRegen 1.23/turn    T - +4 ring of protection
MPRegen 0.19/turn

%: no passive effects
@: berserking, lethally poisoned (0 -> -3), corroded, glowing, studying
Polearms, very quick
A: runic magic, artefact enchanting
a: Renounce Religion, Divine Shield, Cleansing Flame, Summon Divine Warrior


You were on level 11 of the Dungeon.
You worshipped the Shining One.
The Shining One was extremely pleased with you.
You visited 2 branches of the dungeon, and saw 13 of its levels.
You also visited: Sewer.

You collected 706 gold pieces.
You spent 150 gold pieces at shops.


Innate Abilities, Weirdness & Mutations

Your spellcasting is much less encumbered by armour.
You can use scrolls of enchantment on lesser artefacts.


   Skills:
 - Level 5.4 Fighting
 + Level 16.7 Axes
 + Level 8.3 Armour
 - Level 3.2 Shields
 - Level 16.4 Invocations


You had 11 spell levels left.
You didn't know any spells.
Your spell library contained the following spells:

 Spells                   Type           Power      Damage    Failure   Level
 Slow                     Hex            0%         N/A       43%         1
 Static Discharge         Conj/Air       0%         3-3/arc   56%         2
 Confusing Touch          Hex            0%         N/A       80%         3
 Hailstorm                Conj/Ice       0%         3d5       80%         3
 Sigil of Binding         Hex            0%         N/A       80%         3
 Summon Ice Beast         Ice/Summ       0%         N/A       80%         3
 Vampiric Draining        Necr           0%         2d6       80%         3
 Airstrike                Air            0%         2d(0-16)  99%         4
 Summon Lightning Spire   Summ/Air       0%         N/A       99%         4
 Sculpt Simulacrum        Ice/Alch       0%         N/A       100%        6

Inventory:

Hand Weapons
 a - a +2 hand axe of holy wrath
 k - a +1 war axe of freezing
 m - a +4 battleaxe of freezing (weapon)
Missiles
 v - 11 javelins (quivered)
 H - a throwing net {=f}
Armour
 b - a +1 scale mail (worn)
 g - a +0 pair of gloves (worn)
 q - a +0 cloak (worn)
Jewellery
 c - a ring of ice
 p - an amulet of regeneration (around neck)
 C - a ring of ice
 D - a +6 ring of dexterity (left hand)
 F - a ring of protection from cold
 N - a ring of positive energy
 R - a ring of resist corrosion
 T - a +4 ring of protection (right hand)
Wands
 h - a wand of digging (8)
 t - a wand of warping (11)
 w - a wand of flame (45)
 O - a wand of acid (7)
Scrolls
 s - 2 scrolls of fog
 y - 2 scrolls of enchant armour
 z - 2 scrolls of poison
 B - a scroll of vulnerability
 E - a scroll of enchant weapon
 I - a scroll of fear
 J - a scroll of teleportation {@r2}
 K - 2 scrolls of immolation
 P - a scroll of amnesia
Potions
 d - a potion of enlightenment
 e - 3 potions of curing {@q1}
 f - 3 potions of brilliance
 i - 2 potions of attraction
 j - 4 potions of heal wounds {unknown}
 l - a potion of invisibility
 n - a potion of magic
 o - a potion of cancellation
 r - a potion of mutation
 u - 2 potions of resistance
 x - a potion of ambrosia
 A - 3 potions of berserk rage {!q}
 G - a potion of lignification
 L - a potion of haste {@q3}
Miscellaneous
 M - a phantom mirror

Dungeon Overview and Level Annotations

Branches:
Dungeon (11/15)            Temple (0/1) D:4            Lair (2/5) D:8
 Shoals (0/4) Lair:2        Sewer (visited)
  Snake: Lair:2-3    Spider: Lair:2-3       Orc: D:9-12

Altars:
Dithmenos
Kikubaaqudgha
Makhleb
Okawaru
Sif Muna
Uskayaw
The Shining One

Shops:
D:10 *

Annotations:
D:6 2 runed translucent doors, jboons's ghost, novice CoWn
Lair:1 2 transporters, exclusion: oklob plant, jestert79's ghost, journeyman DrRe

..............
.............▓
............▓
...........▓
..........▓
........▓
▓†......▓
▓@......▓
▓.$))...▓
▓.)))...▓
▓..)▓▓▓▓▓
▓...▓ ▓...▓
▓...▓ ▓▓..▓
▓..▓


There were no monsters in sight!


Message History

You kill the killer bee!
You closely miss the killer bee. x2
You feel very sick. The killer bee misses you.
The killer bee stings you but does no damage.
Unknown command.
You feel very sick.
The killer bee closely misses you. x2; The killer bee stings you!
* * * LOW HITPOINT WARNING * * *
You see here a killer bee corpse.
Unknown command.
You slice the killer bee!! You freeze the killer bee!
You kill the killer bee!
You barely miss the killer bee. You closely miss the killer bee.
You feel very sick. The killer bee stings you.
* * * LOW HITPOINT WARNING * * *
The killer bee barely misses you.
You barely miss the killer bee. You slash the killer bee!
You freeze the killer bee. You slash the killer bee! You freeze the killer bee.
You kill the killer bee!
You feel sick.
The killer bee stings you but does no damage. x3
The killer bee stings you!
* * * LOW HITPOINT WARNING * * *
You slash the killer bee! You freeze the killer bee.
You kill the killer bee!
You slice the killer bee!! You freeze the killer bee.
You kill the killer bee!
You die...

Skill      XL: |  1  2  3  4  5  6  7  8  9 10 11 12 |
---------------+-------------------------------------+-----
Axes           | 3 4 5 6 8 9 10 11 13 15 16 | 16.7
Armour         | 5 6 8 |  8.3
Invocations    | 1 6 10 13 16 | 16.4
Fighting       | 5 |  5.4
Shields        | |  3.2

Action                     |  1- 3 |  4- 6 |  7- 9 | 10-12 || total
---------------------------+-------+-------+-------+-------++-------
  Melee: War axe           |    71 |    84 |   318 |   305 ||   778
         Hand axe          |       |       |    38 |       ||    38
         Battleaxe         |       |       |       |   103 ||   103
  Throw: Javelin           |       |       |       |     1 ||     1
 Invoke: Cleansing Flame   |       |       |       |     3 ||     3
         Summon Divine War |       |       |       |     2 ||     2
  Evoke: Wand              |       |       |       |     8 ||     8
    Use: Potion            |       |     2 |     2 |     4 ||     8
         Scroll            |       |     6 |    16 |     9 ||    31
 Armour: Scale mail        |    47 |    46 |   252 |   372 ||   717
  Dodge: Dodged            |    31 |    29 |   145 |   165 ||   370

Levels and vault maps discovered:
D:1:      scummos_arrival_forest, layout_rooms,
          dreamdust_ecumenical_altar_angels_and_demons, dk_noncrumbling_4,
          hangedman_feature_mirror, nrook_loot_triangle,
          dreamdust_princess_bridge
D:2:      layout_basic, uniq_crazy_yiuf_cottage
D:3:      layout_loops_ring, uniq_terence, uniq_grinder, uniq_sigmund
D:4:      layout_cave_pools, minmay_temple_entry_statues_fountains
D:5:      layout_cave_pods, general_overflow_altar
D:6:      layout_basic, gup_sewer_entry_spiral, ebering_ghost_disaster_area,
          minmay_mini_ossuary, uniq_maggie, uniq_jeremiah
D:7:      layout_layer_cave, kennysheep_minor_cross,
          hangedman_abyss_or_decor_jellyfish_corner,
          chequers_serial_rivers_marsh
D:8:      layout_gridville, erik_lair_island
D:9:      layout_roguey [special_room_kobold], lemuel_tele_altar,
          hellmonk_sif_muna_bookshelves
D:10:     layout_cave_pools, mainiacjoe_overflow_cross_hatched,
          chequers_temple_overflow_minitemple, serial_shops,
          nicolae_shop_window_shopping, minmay_splitting_lines,
          hangedman_abyss_or_decor_slice, minmay_fractal_squares_gapless_5
D:11:     layout_irregular_city
Lair:1:   layout_misc_corridors, gammafunk_ghost_hive, minmay_lair_oklob_items,
          serial_bayou_shore_a, grunt_megastairs_2, serial_bayou_shore_b,
          infiniplex_staircase_pool
Lair:2:   layout_roguey, minmay_shoals_entry_lonely_mermaid,
          guppyfry_snake_entry_garden, grunt_megastairs_1

Notes
Turn   | Place    | Note
-------+----------+-------------------------------------------
     0 | D:1      | demibob the Mountain Dwarf Fighter began the quest for the
                  | Orb.
     0 | D:1      | Reached XP level 1. HP: 19/19 MP: 1/1
    34 | D:1      | Reached skill level 3 in Axes
    89 | D:1      | Reached XP level 2. HP: 22/26 MP: 2/2
   382 | D:1      | Found a faded altar of an unknown god.
   385 | D:1      | Reached skill level 4 in Axes
   597 | D:1      | Prayed at the altar of an unknown god.
   597 | D:1      | Became a worshipper of the Shining One
   597 | D:1      | Reached * piety under the Shining One
   721 | D:2      | Reached XP level 3. HP: 31/31 MP: 3/3
   800 | D:2      | Reached skill level 5 in Axes
   800 | D:2      | Reached XP level 4. HP: 30/38 MP: 4/4
  1057 | D:2      | Reached skill level 6 in Axes
  1379 | D:2      | Found a runed translucent door.
  1380 | D:2      | Noticed Crazy Yiuf
  1391 | D:2      | Killed Crazy Yiuf
  1392 | D:2      | Reached XP level 5. HP: 45/45 MP: 5/5
  1590 | D:3      | Noticed Grinder
  1596 | D:3      | Killed Grinder
  1597 | D:3      | Reached skill level 8 in Axes
  1597 | D:3      | Reached XP level 6. HP: 51/51 MP: 6/6
  1709 | D:3      | Noticed Sigmund
  1717 | D:3      | Killed Sigmund
  1718 | D:3      | Reached skill level 9 in Axes
  1928 | D:3      | Noticed Terence
  1936 | D:3      | Killed Terence
  1937 | D:3      | Reached XP level 7. HP: 57/57 MP: 7/7
  2393 | D:4      | Reached ** piety under the Shining One
  2454 | D:4      | Found a staircase to the Ecumenical Temple.
  2670 | D:4      | Reached skill level 4 in Armour
  2850 | D:5      | Entered Level 5 of the Dungeon
  3002 | D:5      | Reached skill level 10 in Axes
  3045 | D:5      | Reached skill level 5 in Armour
  3095 | D:5      | Found a shadowy altar of Dithmenos.
  3221 | D:5      | Reached skill level 1 in Invocations
  3230 | D:5      | Reached XP level 8. HP: 42/63 MP: 7/9
  3607 | D:6      | Reached skill level 2 in Invocations
  3635 | D:6      | Reached *** piety under the Shining One
  3636 | D:6      | Reached skill level 3 in Invocations
  3710 | D:6      | Reached skill level 4 in Invocations
  3758 | D:6      | Found a glowing drain.
  3762 | Sewer    | Entered a sewer
  3775 | Sewer    | Reached skill level 11 in Axes
  3814 | Sewer    | Noticed Pargi
  3817 | Sewer    | Killed Pargi
  3883 | Sewer    | Reached skill level 5 in Invocations
  3968 | D:6      | Noticed Jeremiah
  4016 | D:6      | Killed Jeremiah
  4017 | D:6      | Reached skill level 6 in Invocations
  4181 | D:6      | Reached XP level 9. HP: 70/70 MP: 14/14
  4186 | D:6      | Reached skill level 12 in Axes
  4186 | D:6      | Reached skill level 7 in Invocations
  4198 | D:6      | Found a large runed translucent door.
  4198 | D:6      | Found a large runed translucent door.
  4199 | D:6      | Noticed jboons's ghost (novice CoWn)
  4224 | D:6      | Noticed Maggie
  4246 | D:6      | Killed Maggie
  4552 | D:7      | Reached **** piety under the Shining One
  4570 | D:7      | Reached skill level 8 in Invocations
  4639 | D:7      | Noticed a kobold demonologist
  4650 | D:7      | Killed a kobold demonologist
  4789 | D:7      | Reached skill level 13 in Axes
  4789 | D:7      | Reached skill level 9 in Invocations
  4984 | D:7      | Reached skill level 10 in Invocations
  5507 | D:7      | Identified 2 potions of resistance
  5661 | D:8      | Reached XP level 10. HP: 64/77 MP: 17/17
  5771 | D:8      | Reached skill level 14 in Axes
  5785 | D:8      | Reached skill level 11 in Invocations
  5859 | D:8      | Found a staircase to the Lair.
  6246 | Lair:1   | Entered Level 1 of the Lair of Beasts
  6306 | Lair:1   | Reached skill level 12 in Invocations
  6309 | Lair:1   | Reached ***** piety under the Shining One
  6319 | Lair:1   | Reached skill level 15 in Axes
  6480 | Lair:1   | Identified the +7 chain mail of Ignis's Brutal Revenge
                  | {Rampage *Slow MP+9 Str+3}
  6497 | Lair:1   | Noticed a black mamba
  6504 | Lair:1   | Killed a black mamba
  6505 | Lair:1   | Reached skill level 13 in Invocations
  6601 | Lair:1   | Reached XP level 11. HP: 81/82 MP: 20/20
  6666 | Lair:1   | You fall into a shaft and drop 1 floor!
  6720 | Lair:2   | Reached skill level 16 in Axes
  6720 | Lair:2   | Reached skill level 14 in Invocations
  6820 | Lair:2   | Found a staircase to the Shoals.
  7005 | Lair:2   | Reached skill level 15 in Invocations
  7273 | Lair:1   | Reached skill level 16 in Invocations
  7371 | Lair:1   | Noticed jestert79's ghost (journeyman DrRe)
  7391 | Lair:1   | Found a transporter.
  7396 | Lair:1   | Found a transporter.
  7515 | Lair:1   | Noticed an oklob plant
  7680 | D:9      | Found a hide-covered altar of Uskayaw.
  7954 | D:9      | Reached skill level 4 in Fighting
  7963 | D:9      | Reached skill level 6 in Armour
  8093 | D:9      | Reached skill level 5 in Fighting
  8093 | D:9      | Reached XP level 12. HP: 49/94 MP: 24/24
  8137 | D:9      | Found a shimmering blue altar of Sif Muna.
  8488 | D:10     | Entered Level 10 of the Dungeon
  8512 | D:10     | Reached skill level 7 in Armour
  8579 | D:10     | Found an ancient bone altar of Kikubaaqudgha.
  8837 | D:10     | Identified the +9 morningstar "Omevol" {freeze, Fly rPois
                  | Will+ Dex+3}
  8960 | D:10     | Reached skill level 8 in Armour
  9037 | D:10     | Found a faded altar of an unknown god.
  9037 | D:10     | Found an iron altar of Okawaru.
  9045 | D:10     | Found a burning altar of Makhleb.
  9047 | D:10     | Found a glowing golden altar of the Shining One.
  9049 | D:10     | Found a faded altar of an unknown god.
  9106 | D:10     | Found Lovumany's General Store.
  9115 | D:10     | Bought a potion of haste for 150 gold pieces
  9332 | D:11     | HP: 12/141 [killer bee (7)]
  9334 | D:11     | HP: 1/141 [killer bee (7)]
  9335 | D:11     | Succumbed to a killer bee's poison

Vanquished Creatures
  2 black mambas
  A merfolk siren (Lair:2)
  2 cane toads
  A kobold demonologist (D:7)
  An unseen horror (D:10)
  Maggie (D:6)
  Jeremiah (D:6)
  A rime drake (Lair:1)
  3 komodo dragons
  2 trolls
  3 blink frogs (Lair:2)
  A hornet (D:10)
  Grinder (D:3)
  Sigmund (D:3)
  A wyvern (D:8)
  A basilisk (Lair:1)
  28 yaks
  A steam dragon (D:7)
  3 vampire mosquitoes (D:10)
  2 nagas (Lair:2)
  8 water moccasins
  2 acid dragons
  An orc warrior (D:9)
  3 black bears
  A sky beast (D:7)
  An ice beast (D:8)
  Pargi (Sewer)
  14 wolves
  2 ogres
  2 phantoms
  2 centaurs
  16 kobold brigands
  7 bullfrogs
  A brain worm (Sewer)
  A scorpion (D:5)
  17 wights
  10 killer bees
  A howler monkey (D:10)
  3 electric eels (D:8)
  8 orc priests
  Crazy Yiuf (D:2)
  8 hounds
  3 jellies
  A gnoll bouda (D:7)
  Terence (D:3)
  2 iguanas
  A sleepcap (D:5)
  5 orc wizards
  A mummy (D:6)
  5 adders
  14 gnolls
  2 river rats (D:6)
  3 shadow imps
  2 white imps
  2 ufetubi (D:5)
  2 dart slugs
  42 orcs
  4 ball pythons
  3 endoplasms
  3 giant cockroaches
  3 goblins
  6 hobgoblins
  3 jackals (D:1)
  4 quokkas
  3 bats
  3 frilled lizards (D:1)
  A hobgoblin zombie (D:6)
  27 kobolds
  A kobold zombie (D:6)
  An orc zombie (D:6)
  6 rats
321 creatures vanquished.

Vanquished Creatures (collateral kills)
  2 cane toads (Lair:2)
  A kobold demonologist (D:9)
  2 blink frogs (Lair:2)
  A yak (D:9)
  A water moccasin (Lair:2)
  An orc warrior (D:9)
  5 kobold brigands (D:9)
  A bullfrog (D:9)
  An orc wizard (D:9)
  2 orcs (D:9)
  2 kobolds (D:9)
19 creatures vanquished.

Vanquished Creatures (others)
  A hobgoblin zombie (D:6)
1 creature vanquished.

Grand Total: 341 creatures vanquished

Table legend: (Time is in decaauts)
 A = Elapsed time spent in this place.
 B = Non-inter-level travel time spent in this place.
 C = Inter-level travel time spent in this place.
 D = Time resting spent in this place.
 E = Time spent auto-exploring this place.
 F = Levels seen in this place.
 G = Mean time per level.
                   A        B        C        D        E       F      G
               +--------+--------+--------+--------+--------+-----+--------+
         Total |   9308 |   8886 |    422 |    276 |   6818 |  14 |  664.9 |
       Dungeon |   7831 |   7479 |    352 |    162 |   5821 |  11 |  711.9 |
          Lair |   1333 |   1264 |     69 |    114 |    894 |   2 |  666.5 |
         Sewer |    143 |    143 |      0 |      0 |    102 |   1 |  143.0 |
               +--------+--------+--------+--------+--------+-----+--------+

Top non-repeatable levels by time:
     D:7: 993 daAuts
  Lair:1: 892 daAuts
     D:3: 877 daAuts
     D:2: 852 daAuts
     D:6: 847 daAuts
     D:9: 824 daAuts
     D:8: 735 daAuts
     D:5: 718 daAuts
    D:10: 645 daAuts
     D:1: 634 daAuts
     D:4: 509 daAuts
  Lair:2: 441 daAuts
    D:11: 194 daAuts
   Sewer: 143 daAuts

Table legend:
 A = Non-vault XP
 B = Vault XP
 C = Vault XP percentage of total XP
 D = Non-vault monster count
 E = Vault monster count
 F = Vault count percentage of total count
                 A         B        C        D         E       F
            +---------+---------+-------+---------+---------+-------
      Total |   20125 |    8122 |  28.8 |     264 |      76 |  22.4
            +---------+---------+-------+---------+---------+-------
        D:1 |      27 |       2 |   6.9 |      15 |       2 |  11.8
        D:2 |     140 |      40 |  22.2 |      31 |       1 |   3.1
        D:3 |      45 |     514 |  91.9 |      17 |       3 |  15.0
        D:4 |     303 |       0 |   0.0 |      10 |       0 |   0.0
        D:5 |     364 |       0 |   0.0 |      13 |       0 |   0.0
        D:6 |     914 |     818 |  47.2 |      20 |      12 |  37.5
        D:7 |    1931 |       0 |   0.0 |      37 |       0 |   0.0
        D:8 |    1747 |     769 |  30.6 |      18 |       9 |  33.3
        D:9 |    2785 |    2220 |  44.4 |      27 |      26 |  49.1
       D:10 |    3371 |     674 |  16.7 |      22 |       4 |  15.4
       D:11 |     760 |       0 |   0.0 |      17 |       0 |   0.0
     Lair:1 |    3429 |    1001 |  22.6 |      19 |       6 |  24.0
     Lair:2 |    4309 |    1826 |  29.8 |      18 |       6 |  25.0
      Sewer |       0 |     258 | 100.0 |       0 |       7 | 100.0
            +---------+---------+-------+---------+---------+-------
